 Dungeon Crawl Stone Soup version 0.31-a0-1204-ge2c1a860ed (webtiles) character file.

Game seed: 1030149374286710369

2044 gelatine the Trooper (level 9, 0/68 HPs)
             Began as a Demonspawn Fighter on Dec 13, 2023.
             Engulfed by a steam dragon's steam (4 damage)
             ... on level 6 of the Dungeon.
             The game lasted 00:15:37 (4918 turns).

gelatine the Trooper (Demonspawn Fighter)           Turns: 4918, Time: 00:15:38

Health: 0/68       AC:  8    Str: 21    XL:     9   Next: 4%
Magic:  0/13       EV: 12    Int:  9    God:
Gold:   388        SH:  5    Dex: 12    Spells: 13/13 levels left

rFire   x . .        m - +8 whip "Loorphiykh" {freeze, rPois rF- rC- rN+++}
rCold   x . .        c - +0 buckler
rNeg    + + +        R - +0 acid dragon scales
rPois   +            (helmet restricted)
rElec   .            (no cloak)
rCorr   +            w - +0 pair of gloves
SInv    .            (no boots)
Will    .....        z - amulet of guardian spirit
Stlth   +            I - ring of positive energy
HPRegen 0.31/turn    (no ring)
MPRegen 0.13/turn

%: guardian spirit
@: no status effects
A: hooves 2, horns 1, foul stench 1, weakness stinger 2
a: no special abilities


You were on level 6 of the Dungeon.
You visited 1 branch of the dungeon, and saw 6 of its levels.

You collected 388 gold pieces.

Inventory:

Hand Weapons
 a - a +0 war axe of protection
 m - the +8 whip "Loorphiykh" (weapon) {freeze, rPois rF- rC- rN+++}
   (You found it on level 2 of the Dungeon)

   rF-:       It makes you vulnerable to fire.
   rC-:       It makes you vulnerable to cold.
   rPois:     It protects you from poison rN+++: It renders you almost immune to
   negative energy.
 u - a +2 hand axe of electrocution
 B - the +1 spear "Dyosh" {venom, rF++ rC+ Dex+4}
   (You took it off a gnoll on level 4 of the Dungeon)

   Dex+4:     It affects your dexterity (+4).
   rF++:      It greatly protects you from fire.
   rC+:       It protects you from cold.
 C - a +0 vampiric spear
 Q - a +0 broad axe
Missiles
 A - a throwing net
 E - a boomerang (quivered)
 O - 2 javelins
Armour
 c - a +0 buckler (worn)
 g - a +0 plate armour
 p - a +0 leather armour
 r - a +1 ring mail of willpower
 s - a +3 ring mail
 w - a +0 pair of gloves (worn)
 R - +0 acid dragon scales (worn)
Jewellery
 z - an amulet of guardian spirit (around neck)
 I - a ring of positive energy (left hand)
 M - a ring of ice
 P - a ring of ice
Wands
 q - a wand of flame (6)
 D - a wand of polymorph (6)
 F - a wand of quicksilver (5)
Scrolls
 i - 2 scrolls of noise
 j - 2 scrolls of teleportation
 k - 3 scrolls of summoning {unknown}
 o - a scroll of enchant armour {unknown}
 t - a scroll of torment {unknown}
 y - a scroll of revelation {unknown}
 G - a scroll of fog {unknown}
 H - a scroll of fear
 K - a scroll of enchant weapon {unknown}
 L - a scroll of vulnerability {unknown}
 N - a scroll of immolation
Potions
 b - 2 potions of curing
 d - a potion of might
 e - 2 potions of brilliance
 f - a potion of resistance
 h - 4 potions of mutation
 l - 2 potions of haste {unknown}
 n - a potion of heal wounds {unknown}
 v - 2 potions of berserk rage {unknown}
 x - 3 potions of degeneration {unknown}
 J - a potion of enlightenment {unknown}


   Skills:
 * Level 5.3 Fighting
 * Level 4.3(5.1) Axes
 + Level 3.9(4.8) Maces & Flails
 + Level 0.9 Throwing
 + Level 4.5 Armour
 * Level 3.8 Dodging
 * Level 4.5 Shields
 * Level 2.8 Spellcasting
 * Level 3.3 Evocations


You had 13 spell levels left.
You didn't know any spells.
Your spell library contained the following spells:

 Spells                   Type           Power      Damage    Failure   Level
 Frozen Ramparts          Ice            2%         1d1       82%         3
 Petrify                  Tmut/Erth      1%         N/A       99%         4
 Metabolic Englaciation   Hex/Ice        0%         N/A       100%        5


Dungeon Overview and Level Annotations

Branches:
Dungeon (6/15)
 Temple: D:4-7

Altars:
Ashenzari
Cheibriados
Gozag
Kikubaaqudgha
Yredelemnul

Shops:
D:3 [

Annotations:
D:4 Pokonic1's ghost, novice TeAE
D:5 2 transporters, ooooo's ghost, novice OpCj


Innate Abilities, Weirdness & Mutations

You have hoof-like feet.
You have a pair of small horns on your head.
You may rarely emit foul miasma when damaged in melee.
You have a tail ending in a sharp stinger.


Message History

You whack the water moccasin!
The water moccasin seems to slow down.
You freeze the water moccasin. Your kick misses the water moccasin.
You headbutt the water moccasin.
The water moccasin is moderately wounded.
You feel very sick. The water moccasin closely misses you.
You whack the water moccasin!
The water moccasin seems to slow down.
You freeze the water moccasin. Your kick misses the water moccasin.
You tail-slap the water moccasin.
You kill the water moccasin!
You feel sick.
You have reached level 9!
Your experience leads to an increase in your attributes!
Increase (S)trength, (I)ntelligence, or (D)exterity?
You feel stronger. x2
Okay, then.
You feel sick.
You feel sick.
You feel sick.
You feel sick.
You feel sick.
You feel sick.
You are no longer poisoned.
A steam dragon comes into view.
The steam dragon hisses angrily.
The steam dragon breathes steam at you. The ball of steam hits you!!
The steam scalds you terribly!
Things that are here:
a fizzy coppery potion; a water moccasin corpse You are engulfed in a cloud of scalding steam.
The steam dragon breathes steam at you. The ball of steam hits you!!
The steam scalds you terribly!
* * * LOW HITPOINT WARNING * * *
You are engulfed in a cloud of scalding steam.
* * * LOW HITPOINT WARNING * * *
You hit the steam dragon. You freeze the steam dragon.
You kick the steam dragon, but do no damage.
The steam dragon is moderately wounded.
You are engulfed in a cloud of scalding steam.
You die...

#..........#
#..........#####
#.####.........# #.#
#.........# ########.##
#.........# #.........#
###.......# #.........#
##.......# #........§#
#........# #...§D@§..#
#........# #..§...§§.#
#........#
#....§§§.!####........#
#.......(.............#
#.........#.###########
#.........#.#
########....# ######


You could see a steam dragon (catching breath).

Vanquished Creatures
  Maggie (D:6)
  Prince Ribbit (D:6)
  Eustachio (D:4)
  A water moccasin (D:6)
  2 orc warriors
  A sky beast (D:6)
  A kobold brigand (D:6)
  A jelly (D:5)
  6 orc priests
  3 hounds
  A sleepcap (D:4)
  A gnoll bouda (D:6)
  2 iguanas (D:6)
  Terence (D:2)
  7 orc wizards
  Robin (D:4)
  14 gnolls
  10 adders
  A white imp (D:5)
  2 worms (D:3)
  21 orcs
  7 ball pythons
  3 bats
  12 endoplasms
  14 goblins
  7 hobgoblins
  4 jackals
  9 kobolds
  4 quokkas
  4 frilled lizards
  6 rats
149 creatures vanquished.

Notes
Turn   | Place    | Note
-------+----------+-------------------------------------------
     0 | D:1      | gelatine the Demonspawn Fighter began the quest for the
                  | Orb.
     0 | D:1      | Reached XP level 1. HP: 18/18 MP: 1/1
   182 | D:1      | Discovered your monstrous ancestry.
   182 | D:1      | Gained mutation: You have a small tail. [demonic ancestry]
   182 | D:1      | Reached XP level 2. HP: 21/24 MP: 2/2
   982 | D:2      | Gained mutation: You have large cloven feet. [demonic
                  | ancestry]
   982 | D:2      | Reached XP level 3. HP: 27/29 MP: 3/3
  1025 | D:2      | Identified the +8 whip "Loorphiykh" {freeze, rPois rF- rC-
                  | rN+++}
  1390 | D:2      | Found a faded altar of an unknown god.
  1514 | D:2      | Noticed Terence
  1518 | D:2      | Killed Terence
  1519 | D:2      | Reached skill level 1 in Dodging
  1519 | D:2      | Reached XP level 4. HP: 16/35 MP: 4/4
  1788 | D:3      | Found Lugaz's Armour Shoppe.
  1788 | D:3      | Found a broken altar of Ashenzari.
  1854 | D:3      | Reached skill level 1 in Spellcasting
  1854 | D:3      | Gained mutation: You have a pair of small horns on your
                  | head. [demonic ancestry]
  1854 | D:3      | Reached XP level 5. HP: 29/41 MP: 6/6
  2063 | D:3      | Found an opulent altar of Gozag.
  2424 | D:4      | Reached skill level 1 in Maces & Flails
  2438 | D:4      | Found a transporter.
  2512 | D:4      | Found a transporter.
  2513 | D:4      | Identified the +1 spear "Dyosh" {venom, rF++ rC+ Dex+4}
  2548 | D:4      | Noticed an orc warrior
  2552 | D:4      | Noticed Eustachio
  2563 | D:4      | Killed an orc warrior
  2564 | D:4      | Reached skill level 1 in Evocations
  2564 | D:4      | Gained mutation: You have hoof-like feet. [demonic
                  | ancestry]
  2564 | D:4      | Reached XP level 6. HP: 16/48 MP: 6/8
  2566 | D:4      | Killed Eustachio
  2725 | D:4      | Gained mutation: You have a tail ending in a sharp stinger.
                  | [demonic ancestry]
  2725 | D:4      | Reached XP level 7. HP: 45/53 MP: 9/9
  2926 | D:4      | Reached skill level 4 in Fighting
  2968 | D:4      | Noticed Robin
  2988 | D:4      | Killed Robin
  3028 | D:4      | Found a basalt altar of Yredelemnul.
  3559 | D:4      | Noticed Pokonic1's ghost (novice TeAE)
  3642 | D:5      | Entered Level 5 of the Dungeon
  3660 | D:5      | Found a transporter.
  3666 | D:5      | Found an ancient bone altar of Kikubaaqudgha.
  3972 | D:5      | Found a transporter.
  3974 | D:5      | Noticed ooooo's ghost (novice OpCj)
  4335 | D:6      | Noticed Prince Ribbit
  4354 | D:6      | Gained mutation: You may rarely emit foul miasma when
                  | damaged in melee. [demonic ancestry]
  4354 | D:6      | Reached XP level 8. HP: 39/61 MP: 6/10
  4377 | D:6      | Killed Prince Ribbit
  4579 | D:6      | Reached skill level 5 in Fighting
  4718 | D:6      | Noticed a torpor snail
  4719 | D:6      | Found a snail-covered altar of Cheibriados.
  4719 | D:6      | Noticed a torpor snail
  4722 | D:6      | Noticed a torpor snail
  4746 | D:6      | Noticed Maggie
  4768 | D:6      | Killed Maggie
  4852 | D:6      | Reached XP level 9. HP: 56/68 MP: 10/13
  4918 | D:6      | Engulfed by a steam dragon's steam

Illustrated notes

Levels and vault maps discovered:
D:1:      minmay_arrival_four_houses, layout_loops_cross, kennysheep_flooded_box
D:2:      layout_basic, hellmonk_ecumenical_altar_inner_sanctum, uniq_terence
D:3:      layout_rooms, grunt_gozag_statues, nicolae_ashenzari_skybound,
          serial_rivers, chequers_serial_rivers_micro_c,
          chequers_serial_rivers_small_b, chequers_serial_rivers_micro_c,
          chequers_serial_rivers_room_b, chequers_serial_rivers_micro_c,
          serial_shops, nicolae_square_shop, columned_hall_lemuel,
          minmay_cut_off
D:4:      cheibrodos_helix_gallery, layout_basic,
          mainiacjoe_overflow_surrounded_room, gammafunk_ghost_gnarly_gnolls,
          minmay_crystal_room, uniq_robin, uniq_eustachio
D:5:      layout_loops_ring, lemuel_crystal_altar, gammafunk_ghost_mausoleum
D:6:      layout_basic, cheibriados_altar_2, uniq_maggie, uniq_prince_ribbit1

Skill      XL: |  1  2  3  4  5  6  7  8 |
---------------+-------------------------+-----
Shields        | 3 4 |  4.5
Axes           | 2 3 4 |  4.3
Armour         | 3 4 |  4.5
Dodging        | 1 2 3 |  3.8
Spellcasting   | 1 2 |  2.8
Maces & Flails | 1 2 3 |  3.9
Evocations     | 1 2 3 |  3.3
Fighting       | 4 5 |  5.3
Throwing       | |  0.9

Action                     |  1- 3 |  4- 6 |  7- 9 || total
---------------------------+-------+-------+-------++-------
  Melee: War axe           |    55 |       |       ||    55
         Tailslap          |     4 |     4 |    12 ||    20
         Whip              |    21 |    71 |   172 ||   264
         Kick              |     7 |    19 |    40 ||    66
         Headbutt          |       |     8 |    21 ||    29
  Throw: Boomerang         |       |       |     5 ||     5
         Javelin           |       |       |     2 ||     2
  Evoke: Wand              |       |       |    10 ||    10
    Use: Scroll            |       |     8 |     1 ||     9
         Potion            |       |     1 |     1 ||     2
 Armour: Scale mail        |    52 |       |       ||    52
         Ring mail         |       |    35 |    98 ||   133
         Acid dragon scale |       |       |    11 ||    11
  Dodge: Dodged            |    31 |    13 |    64 ||   108
  Block: Buckler           |    18 |    11 |    37 ||    66

Table legend: (Time is in decaauts)
 A = Elapsed time spent in this place.
 B = Non-inter-level travel time spent in this place.
 C = Inter-level travel time spent in this place.
 D = Time resting spent in this place.
 E = Time spent auto-exploring this place.
 F = Levels seen in this place.
 G = Mean time per level.
                   A        B        C        D        E       F      G
               +--------+--------+--------+--------+--------+-----+--------+
         Total |   4951 |   4628 |    323 |      0 |   3544 |   6 |  825.2 |
       Dungeon |   4951 |   4628 |    323 |      0 |   3544 |   6 |  825.2 |
               +--------+--------+--------+--------+--------+-----+--------+

Top non-repeatable levels by time:
     D:4: 1328 daAuts
     D:2: 969 daAuts
     D:1: 761 daAuts
     D:5: 664 daAuts
     D:3: 619 daAuts
     D:6: 608 daAuts
